 Dungeon Crawl Stone Soup version 0.32-a0-815-g315f82d515 (webtiles) character file.

Game seed: 11950657863691283615

6396 hitsuchi the Destroyer (level 10, -4/50 HPs)
             Began as a Tengu Air Elementalist on Mar 23, 2024.
             Was an Initiate of Gozag.
             Slain by a spectral catoblepas (7 damage)
             ... in a Gauntlet.
             The game lasted 00:12:53 (9956 turns).

hitsuchi the Destroyer (Tengu Air Elementalist)     Turns: 9956, Time: 00:12:53

Health: -4/50      AC: 15    Str: 11    XL:     10   Next: 98%
Magic:  14/14      EV: 17    Int: 18    God:    Gozag
Gold:   2256       SH:  0    Dex: 16    Spells: 7/13 levels left

rFire   . . .        b - +3 long sword (holy)
rCold   . . .        (no shield)
rNeg    . . .        C - +1 ring mail {rPois}
rPois   +            (helmet restricted)
rElec   .            p - +0 cloak
rCorr   .            i - +1 pair of gloves of Minor Irritation {Dex+2}
SInv    .            (boots unavailable)
Will    +....        q - amulet of regeneration
Stlth   +            j - ring of willpower
HPRegen 1.08/turn    w - +4 ring of protection
MPRegen 0.14/turn

%: no teleportation, acrobat
@: flying, slowed, very slow
A: beak, talons 3, evasive flight, acrobatic
a: Renounce Religion, Potion Petition, Call Merchant, Bribe Branch


You were in a Gauntlet.
You worshipped Gozag.
Gozag was most pleased with you.
You visited 2 branches of the dungeon, and saw 12 of its levels.
You also visited: Gauntlet.

You collected 2620 gold pieces.
You paid 364 gold pieces to Gozag.

Inventory:

Hand Weapons
 a - the +8 short sword of Makhleb's Indignation {pain, rN++}
   (You found it on level 2 of the Dungeon)

   rN++:      It greatly protects you from negative energy.
 b - a +3 long sword of holy wrath (weapon)
Missiles
 t - 2 throwing nets
Armour
 c - a +2 ring mail of fire resistance
 i - the +1 pair of gloves of Minor Irritation (worn) {Dex+2}
   (You acquired it on level 3 of the Dungeon)

   Dex+2:     It affects your dexterity (+2).
 p - a +0 cloak (worn)
 C - a +1 ring mail of poison resistance (worn)
Jewellery
 j - a ring of willpower (left hand)
 m - a ring of protection from cold
 q - an amulet of regeneration (around neck)
 s - a +5 ring of evasion
 w - a +4 ring of protection (right hand)
 A - a ring of magical power
 E - a ring of protection from cold
 I - a ring of ice
 J - a ring of willpower
Wands
 r - a wand of flame (64)
 D - a wand of roots (9)
 K - a wand of charming (4)
 L - a wand of light (2)
Scrolls
 f - 2 scrolls of immolation {unknown}
 h - 3 scrolls of amnesia
 k - 6 scrolls of teleportation
 o - a scroll of blinking {unknown}
 u - 5 scrolls of enchant weapon
 v - a scroll of vulnerability {unknown}
 x - a scroll of revelation
 y - 2 scrolls of brand weapon
 z - a scroll of enchant armour
 F - a scroll of noise
Potions
 d - 5 potions of curing
 e - a potion of invisibility
 g - 3 potions of resistance
 n - 2 potions of might
 B - 2 potions of brilliance {unknown}
 G - 2 potions of lignification
 H - a potion of magic
 M - a potion of mutation
 N - 2 potions of cancellation {unknown}


   Skills:
 + Level 7.7 Short Blades
 - Level 8.0 Armour
 + Level 7.9 Dodging
 - Level 2.0 Stealth
 - Level 2.0 Spellcasting
 - Level 8.0 Conjurations
 + Level 7.4 Necromancy
 - Level 8.0 Air Magic


You had 7 spell levels left.
You knew the following spells:

 Your Spells              Type           Power      Damage    Failure   Level
a - Shock                 Conj/Air       100%       1d9       1%          1
b - Static Discharge      Conj/Air       60%        3-6/arc   1%          2
S - Swiftness             Air            30%        N/A       4%          3

Your spell library contained the following spells:

 Spells                   Type           Power      Damage    Failure   Level
 Kiss of Death            Conj/Necr      100%       2d13      1%          1
 Necrotise                Necr           100%       1d9       1%          1
 Sting                    Conj/Alch      64%        1d7       7%          1
 Mercury Vapours          Alch/Air       32%        N/A       11%         2
 Airstrike                Air            15%        2d(3-19)  14%         4
 Dispel Undead            Necr           28%        3d13      17%         4
 Apportation              Tloc           2%         N/A       36%         1
 Summon Small Mammal      Summ           4%         N/A       36%         1
 Scorch                   Fire           2%         2d5       50%         2
 Flame Wave               Conj/Fire      16%        2d7       56%         4
 Confusing Touch          Hex            1%         N/A       73%         3
 Fireball                 Conj/Fire      8%         3d6       89%         5
 Cause Fear               Hex            0%         N/A       98%         4
 Olgreb's Toxic Radiance  Alch           1%         N/A       98%         4
 Summon Cactus Giant      Summ           0%         N/A       100%        6
 Dragon's Call            Summ           0%         N/A       100%        9


Dungeon Overview and Level Annotations

Branches:
Dungeon (11/15)            Temple (1/1) D:4            Lair (0/5) D:11
    Orc (0/2) D:11        Gauntlet (1/1)

Altars:
Ashenzari
Cheibriados
Dithmenos
Elyvilon
Fedhas
Gozag
Hepliaklqana
Kikubaaqudgha
Makhleb
Nemelex Xobeh
Okawaru
Qazlal
Ru
Sif Muna
Trog
Uskayaw
Vehumet
Wu Jian
Xom
Yredelemnul
Zin
The Shining One

Shops:
D:6 (

Annotations:
D:3 2 transporters, paps's ghost, amateur DsGl
D:7 3 runed translucent doors Gauntlet 17 transporters, 21 runed translucent doors


Innate Abilities, Weirdness & Mutations

You have a beak for a mouth.
You have claws for feet.
Your magical flight helps you evade attacks. (EV +4)
You can magically evade attacks while moving or waiting.


Message History

The death drake hisses angrily.
Found two runed doors.
Found a large runed translucent door.
Found a transporter.
Found a large runed translucent door.
Found a large runed translucent door.
Found a transporter.
Partly explored, unvisited transporter.
Partly explored, unvisited transporter.
Search for what [Enter for "temp", or ? for help]? .
Unknown command.
The glowing orange brain turns its attention towards you.
The steam dragon hisses angrily.
The death scarab's many legs skitter faintly.
The death scarab waves its antennae.
There is a transporter here.
You enter the transporter and appear at another place.
Your +3 long sword of holy wrath softly glows with a divine radiance!
b - a +3 long sword of holy wrath (weapon)
The death scarab bites you! The death scarab drains your vigour!
You feel yourself slow down.
The death scarab draws strength from your injuries!
You closely miss the death scarab.
You claw the death scarab, but do no damage.
The death scarab bites you. The death scarab drains your vigour!
You feel as though you will be slow longer.
The death scarab draws strength from your injuries!
The death scarab barely misses you.
Unknown command.
You slash the death scarab!
The death scarab convulses!
Your kick misses the death scarab. Your peck misses the death scarab.
The death scarab is severely damaged.
The death scarab misses you. The death scarab bites you!
The death scarab draws strength from your injuries!
The death scarab bites you!!
* * * LOW HITPOINT WARNING * * *
The death scarab draws strength from your injuries!
The spectral catoblepas gores you!
You die...
Your body crumbles into a pile of gold.

###############.∩.###############
.................................
................©................
##########.###########.##########
.....#.Yw#.#...#.#...#.#..?.....^
..##..#YY#.#..#...#..#.#)######^.
!.#..##.Y#.#.##...##.#.###....##.
..##..#..#.##..#Z#..##.##.####.#.
©.#.©##..#.#...B@....#.#.##.©.##.
..##..#..#.##..#.#..##.#.#.####.#
!.#..##..#.#.#######.#.#.# ....##
..##..#..#.#.. ... ..#.#.^ ####D
.....#...#.#.Z=?©....#.#^.. ...#
############################ ####
§≈ß≈≈#©.........©.........©#≈≈ߧ≈
#### ############### ####
..........©#≈≈≈§ß§§§≈#©..........


You could see a spectral catoblepas and a death scarab.

Vanquished Creatures
  3 two-headed ogres
  A gargoyle (D:10)
  2 wyverns
  8 yaks
  A wraith (D:9)
  A steam dragon (D:6)
  An acid dragon (D:10)
  A water moccasin (D:9)
  2 sky beasts
  An ice beast (D:3)
  A black bear (D:6)
  3 centaurs (D:10)
  5 kobold brigands
  3 bullfrogs
  2 gnoll sergeants (D:7)
  A scorpion (D:5)
  7 killer bees
  2 electric eels (D:6)
  A howler monkey (D:4)
  A hound (D:4)
  4 orc priests
  A gnoll bouda (D:7)
  A sleepcap (D:7)
  An iguana (D:6)
  2 orc wizards (D:7)
  Natasha (D:4)
  15 gnolls
  8 adders
  A shadow imp (D:6)
  2 ufetubi (D:6)
  3 ribbon worms
  5 dart slugs
  14 orcs
  5 ball pythons
  4 bats (D:1)
  4 endoplasms
  A giant cockroach (D:4)
  8 goblins
  10 hobgoblins
  10 jackals
  A quokka (D:1)
  5 frilled lizards
  24 kobolds
  5 rats
182 creatures vanquished.

Notes
Turn   | Place    | Note
-------+----------+-------------------------------------------
     0 | D:1      | hitsuchi the Tengu Air Elementalist began the quest for the
                  | Orb.
     0 | D:1      | Reached XP level 1. HP: 10/10 MP: 4/4
   174 | D:1      | Reached XP level 2. HP: 15/15 MP: 1/6
   244 | D:1      | Learned a level 2 spell: Static Discharge
  1104 | D:2      | Reached XP level 3. HP: 19/19 MP: 4/7
  1365 | D:2      | Reached skill level 1 in Armour
  1536 | D:2      | Found a faded altar of an unknown god.
  1601 | D:2      | Reached XP level 4. HP: 24/24 MP: 1/8
  1928 | D:2      | Identified the +8 short sword of Makhleb's Indignation
                  | {pain, rN++}
  2690 | D:3      | Reached XP level 5. HP: 11/28 MP: 4/9
  2820 | D:3      | Reached skill level 5 in Conjurations
  2880 | D:3      | Noticed an ice beast
  2889 | D:3      | Killed an ice beast
  2890 | D:3      | Reached skill level 5 in Air Magic
  2890 | D:3      | Reached XP level 6. HP: 15/32 MP: 10/10
  2998 | D:3      | Noticed paps's ghost (amateur DsGl)
  2998 | D:3      | Identified the +4 great mace "Teabaes" {chaos, rElec rF+}
  2999 | D:3      | Found a transporter.
  3006 | D:3      | Found a transporter.
  3357 | D:3      | Identified 2 scrolls of acquirement
  3357 | D:3      | Acquired 1149 gold pieces
  3359 | D:3      | Acquired the +1 pair of gloves of Minor Irritation {Dex+2}
  3549 | D:4      | Noticed Natasha
  3555 | D:4      | Killed Natasha
  3669 | D:4      | Found a staircase to the Ecumenical Temple.
  3726 | Temple   | Entered the Ecumenical Temple
  3743 | Temple   | Became a worshipper of Gozag Ym Sagoz the Greedy
  4025 | D:5      | Entered Level 5 of the Dungeon
  4599 | D:5      | Gained mutation: Your magical flight helps you evade
                  | attacks. (EV +4) [Tengu growth]
  4599 | D:5      | Reached XP level 7. HP: 34/36 MP: 2/11
  4741 | D:6      | Found Omoepsy's Weapon Emporium.
  4910 | D:6      | Noticed a steam dragon
  4928 | D:6      | Killed a steam dragon
  4975 | D:6      | Found a transporter.
  5005 | D:6      | Found a transporter.
  5036 | D:6      | Reached XP level 8. HP: 33/41 MP: 12/12
  5772 | D:7      | Reached skill level 1 in Short Blades
  5772 | D:7      | Reached skill level 1 in Necromancy
  6302 | D:7      | Noticed a polar bear
  6303 | D:7      | Found a runed translucent gate.
  6303 | D:7      | Noticed a polar bear
  6303 | D:7      | Noticed a manticore
  6304 | D:7      | Found a runed translucent gate.
  6304 | D:7      | Found a runed translucent gate.
  6304 | D:7      | Noticed a wyvern
  6304 | D:7      | Noticed a wyvern
  6304 | D:7      | Noticed a wyvern
  6304 | D:7      | Noticed a yak
  6304 | D:7      | Noticed a yak
  6305 | D:7      | Noticed a yak
  6305 | D:7      | Noticed a wyvern
  6305 | D:7      | Noticed a wyvern
  6373 | D:7      | Reached skill level 5 in Armour
  6679 | D:7      | Learned a level 3 spell: Swiftness
  6850 | D:8      | Found a burning altar of Makhleb.
  6862 | D:8      | Reached XP level 9. HP: 45/45 MP: 13/13
  7568 | D:9      | Noticed a two-headed ogre
  7589 | D:9      | Killed a two-headed ogre
  7590 | D:9      | Reached skill level 5 in Short Blades
  7590 | D:9      | Reached skill level 5 in Dodging
  7637 | D:9      | Reached skill level 5 in Necromancy
  7969 | D:9      | Reached XP level 10. HP: 28/50 MP: 14/14
  8013 | D:9      | Found a sacrificial altar of Ru.
  8706 | D:10     | Entered Level 10 of the Dungeon
  8714 | D:10     | Noticed a two-headed ogre
  8720 | D:10     | Killed a two-headed ogre
  8750 | D:10     | Noticed a gargoyle
  8761 | D:10     | Killed a gargoyle
  8864 | D:10     | Noticed a two-headed ogre
  8873 | D:10     | Killed a two-headed ogre
  9498 | D:11     | Noticed a kobold demonologist
  9498 | D:11     | Noticed a kobold demonologist
  9500 | D:11     | Noticed a sixfirhy
  9513 | D:11     | Found a gate leading to a gauntlet.
  9519 | Gauntlet | Entered a Gauntlet
  9519 | Gauntlet | Found a transporter.
  9534 | Gauntlet | Noticed a death scarab
  9549 | Gauntlet | Found the +8 whip "Snakebite" {venom, curare, rPois}
  9567 | Gauntlet | Found a transporter.
  9572 | Gauntlet | Found a transporter.
  9574 | Gauntlet | Noticed a glowing orange brain
  9577 | Gauntlet | Found a transporter.
  9584 | Gauntlet | Noticed a glowing orange brain
  9588 | Gauntlet | Noticed a white ugly thing
  9594 | Gauntlet | Found a transporter.
  9613 | Gauntlet | Found a transporter.
  9621 | Gauntlet | Found a large runed translucent door.
  9622 | Gauntlet | Found a large runed translucent door.
  9623 | Gauntlet | Found a large runed translucent door.
  9623 | Gauntlet | Found a large runed translucent door.
  9623 | Gauntlet | Noticed a death drake
  9623 | Gauntlet | Noticed a spectral centaur warrior
  9624 | Gauntlet | Found a runed translucent gate.
  9624 | Gauntlet | Noticed a spectral centaur warrior
  9625 | Gauntlet | Found a transporter.
  9625 | Gauntlet | Found a runed translucent gate.
  9626 | Gauntlet | Found a runed translucent gate.
  9627 | Gauntlet | Found a large runed translucent door.
  9627 | Gauntlet | Found a large runed translucent door.
  9627 | Gauntlet | Noticed a spectral centaur warrior
  9628 | Gauntlet | Found a large runed translucent door.
  9629 | Gauntlet | Found a large runed translucent door.
  9635 | Gauntlet | Noticed a wretched star
  9637 | Gauntlet | Found a transporter.
  9649 | Gauntlet | Found a transporter.
  9655 | Gauntlet | Found a transporter.
  9661 | Gauntlet | Noticed an apocalypse crab
  9667 | Gauntlet | Noticed an apocalypse crab
  9670 | Gauntlet | Found a transporter.
  9687 | Gauntlet | Found a transporter.
  9705 | Gauntlet | Found a transporter.
  9707 | Gauntlet | Found a transporter.
  9721 | Gauntlet | Noticed a torpor snail
  9730 | Gauntlet | Noticed a spectral catoblepas
  9734 | Gauntlet | Found a transporter.
  9754 | Gauntlet | Found a transporter.
  9828 | Gauntlet | Found a large runed translucent door.
  9828 | Gauntlet | Found a large runed translucent door.
  9828 | Gauntlet | Found a runed translucent door.
  9828 | Gauntlet | Found a runed translucent door.
  9829 | Gauntlet | Found a large runed translucent door.
  9830 | Gauntlet | Found a large runed translucent door.
  9832 | Gauntlet | Found a transporter.
  9848 | Gauntlet | Found a large runed translucent door.
  9848 | Gauntlet | Found a large runed translucent door.
  9849 | Gauntlet | Found a large runed translucent door.
  9850 | Gauntlet | Found a large runed translucent door.
  9856 | Gauntlet | Found a transporter.
  9956 | Gauntlet | Slain by a spectral catoblepas

Illustrated notes

Levels and vault maps discovered:
D:1:      lightli_arrival_farm, layout_basic, minmay_cut_off
D:2:      layout_basic, nicolae_ecumenical_snake_handling
D:3:      layout_basic, gammafunk_ghost_smash
D:4:      layout_loops_cross, minmay_temple_entry_glassed_door, uniq_natasha
D:5:      layout_loops_ring
D:6:      gammafunk_steamed_eel, layout_loops_corners, nicolae_stop_n_shop_1
D:7:      lemuel_bear_cage, layout_loops_ring
D:8:      layout_cave_pools, old_standard_altar, kennysheep_big_empty_room
D:9:      layout_layer_cave, nicolae_ru_sacrificial_ziggurat
D:10:     layout_irregular_city, kennysheep_generic_room_10
D:11:     layout_big_octagon, lair_entry_dummy, zombieorc2_lemuel,
          gauntlet_entry_generic
Temple:   nicolae_temple_bog_church
Gauntlet: gammafunk_gauntlet_one_two_three [gammafunk_gauntlet_arena_chambers,
          gammafunk_gauntlet_arena_spirals, gammafunk_gauntlet_arena_teeth,
          gammafunk_gauntlet_arena_corners,
          gammafunk_gauntlet_arena_arrow_garden,
          minmay_gauntlet_arena_make_your_own_arena,
          gammafunk_gauntlet_arena_open, gammafunk_gauntlet_arena_split_x,
          gammafunk_gauntlet_arena_grid, gauntlet_exit_green]

Skill      XL: |  1  2  3  4  5  6  7  8  9 10 |
---------------+-------------------------------+-----
Conjurations   | 2 3 4 5 6 7 8 |  8.0
Armour         | 1 2 3 4 5 7 8 |  8.0
Air Magic      | 5 6 7 8 |  8.0
Short Blades   | 3 5 7 |  7.7
Necromancy     | 3 5 7 |  7.4
Dodging        | 4 6 7 |  7.9
Stealth        | |  2.0
Spellcasting   | |  2.0

Action                     |  1- 3 |  4- 6 |  7- 9 | 10-12 || total
---------------------------+-------+-------+-------+-------++-------
  Melee: Dagger            |    17 |     7 |       |       ||    24
         Kick              |     6 |    25 |    62 |    28 ||   121
         Peck              |     1 |    13 |    49 |    16 ||    79
         Short sword       |       |    89 |   212 |    72 ||   373
         Long sword        |       |       |       |     2 ||     2
   Cast: Shock             |    55 |    34 |    34 |    24 ||   147
         Static Discharge  |     1 |     3 |    11 |     4 ||    19
         Swiftness         |       |       |       |     1 ||     1
 Invoke: Potion Petition   |       |       |     1 |       ||     1
  Evoke: Wand              |       |       |     2 |     5 ||     7
    Use: Scroll            |       |     3 |     7 |     5 ||    15
         Potion            |       |       |     3 |       ||     3
   Stab: Distracted        |     1 |     1 |     2 |     1 ||     5
         Sleeping          |       |     2 |       |       ||     2
         Invisible         |       |       |       |     2 ||     2
 Armour: Robe              |     1 |       |       |       ||     1
         Ring mail         |    13 |    53 |   143 |    44 ||   253
  Dodge: Dodged            |    14 |    45 |   205 |    97 ||   361

Table legend: (Time is in decaauts)
 A = Elapsed time spent in this place.
 B = Non-inter-level travel time spent in this place.
 C = Inter-level travel time spent in this place.
 D = Time resting spent in this place.
 E = Time spent auto-exploring this place.
 F = Levels seen in this place.
 G = Mean time per level.
                   A        B        C        D        E       F      G
               +--------+--------+--------+--------+--------+-----+--------+
         Total |   9922 |   9499 |    423 |    257 |   7717 |  13 |  763.2 |
       Dungeon |   9446 |   9057 |    389 |    251 |   7413 |  11 |  858.7 |
        Temple |     37 |      3 |     34 |      0 |      0 |   1 |   37.0 |
      Gauntlet |    439 |    439 |      0 |      6 |    304 |   1 |  439.0 |
               +--------+--------+--------+--------+--------+-----+--------+

Top non-repeatable levels by time:
     D:9: 1264 daAuts
     D:3: 1134 daAuts
     D:2: 1130 daAuts
     D:1: 1116 daAuts
     D:6: 990 daAuts
     D:7: 956 daAuts
    D:10: 774 daAuts
     D:5: 740 daAuts
     D:8: 696 daAuts
     D:4: 623 daAuts
Gauntlet: 439 daAuts
  Temple: 37 daAuts
    D:11: 17 daAuts
